AoeStats
← ELPURE

Arabia

507922176Analyzed
1v1 RM · 11d ago on Sep 20, 2026· 37m 50s· 2 players
Game mode
Random Map
Map size
Tiny (2 player)
Population
200
Speed
Normal
Resources
Standard
Victory
Conquest
Starting age
Dark Age
Ending age
Imperial Age
RankedLock teamsTeams togetherTeam positionsShared explorationLock speedFull tech treeHidden civsTurbo modeCheats
Victory
Defeat
🇹🇷 Sicilians · Türkiye
2047
+11
🇺🇸 Celts · United States
1936
-11
ELPURE
6:35 Loom
8:53 Feudal Age
9:02 Man-at-Arms
16:19 Horse Collar
17:16 Fletching
18:44 Padded Archer Armor
25:01 Castle Age
24:06 Double-Bit Axe
25:58 Leather Archer Armor
25:04 Elite Skirmisher
26:34 Bodkin Arrow
33:16 Wheelbarrow
34:54 Town Watch
40:38 Imperial Age
Patoshiq
5:35 Loom
5:40 Loom
8:51 Feudal Age
9:22 Double-Bit Axe
9:38 Horse Collar
20:52 Castle Age
19:13 Fletching
19:57 Padded Archer Armor
21:28 Bodkin Arrow
21:56 Crossbowman
24:36 Gold Mining
25:10 Ballistics
30:23 Wheelbarrow
31:11 Bow Saw
32:20 Stone Mining
34:30 Scale Barding Armor
34:29 Town Watch
37:39 Imperial Age
36:33 Chain Barding Armor
36:31 Hand Cart
37:46 Forging
38:11 Husbandry
38:22 Bloodlines
Connection lost

Rejoining the realm…

Still unreachable

The connection could not be restored.

Session expired

The server has moved on; the page needs a fresh start.